cohdb
Replays
Latest Replays
All Replays
Popular Replays
Top Player Replays
Match Explorer
How It Works
Community
CoH3 Stats
Reddit
Sign in to upload your games and track your stats! →
Sign in with Steam
Match 38207048
Unlisted
Match 38207048
Overview
Messages
Build Orders
End
Construct Weapon Support Center
Selects Armored Battlegroup
Selects Assault Engineers
Assault Engineer Squad
M1919 Machine Gun Team
Assault Engineer Squad
Assault Engineer Squad
Bazooka Squad
Air Support Center
.30 cal Machine Gun
Bazooka Squad
Grasshopper Recon Run
P-47 Strafing Run
Construct Tank Depot
Selects Strength in Steel
.30 cal Machine Gun
Assault Engineer Squad
P-47 Strafing Run
Grasshopper Recon Run
P-47 Strafing Run
Selects Seek and Destroy
Selects UNKNOWN (2160077)
M4A3E8 Sherman Easy Eight
Assault Engineer Squad
Assault Engineer Squad
Scout Squad
Mishkashmoodle
Ordena JR
BIOHAZARD
Sauzer88
0
0
Comments
sign in to comment!
No comments posted yet!